 Dungeon Crawl Stone Soup version 0.28.0 (webtiles) character file.

Game seed: 3511021062347756009

17257 sasquatch the Cleaver (level 12, -2/97 HPs)
             Began as a Formicid Fighter on Feb 7, 2022.
             Was a High Priest of Zin.
             Slain by an 11-headed hydra (6 damage)
             ... on level 11 of the Dungeon.
             The game lasted 00:21:50 (18226 turns).

sasquatch the Cleaver (Formicid Fighter)           Turns: 18226, Time: 00:21:50

Health: -2/97      AC: 14    Str: 33    XL:     12   Next: 80%
Magic:  0/12       EV: 11    Int:  7    God:    Zin [*****.]
Gold:   516        SH: 10    Dex: 10    Spells: 11/11 levels left

rFire   . . .      SeeInvis +   A - +6 war axe
rCold   . . .      Faith    .   b - +0 kite shield
rNeg    . . .      Spirit   +   d - +0 plate armour
rPois   .          Reflect  .   (helmet unavailable)
rElec   .          Harm     .   (no cloak)
rCorr   .          Rampage  .   (no gloves)
Will    +....                   (no boots)
Stlth   ..........              r - amulet of guardian spirit
HPRegen 0.26/turn               l - +4 ring of evasion
MPRegen 0.13/turn               H - +6 ring of strength

@: no status effects
A: permanent stasis, dig shafts and tunnels, antennae 3, four strong arms
a: Dig, Shaft Self, Renounce Religion, Recite, Vitalisation, Imprison,
Sanctuary, Donate Gold


You were on level 11 of the Dungeon.
You worshipped Zin.
Zin was extremely pleased with you.
You visited 2 branches of the dungeon, and saw 14 of its levels.

You collected 746 gold pieces.
You spent 156 gold pieces at shops.
You donated 74 gold pieces to Zin.

Inventory:

Hand Weapons
 A - a +6 war axe (weapon)
 D - a +3 battleaxe
Missiles
 h - 5 throwing nets
 B - 9 poisoned darts
Armour
 b - a +0 kite shield (worn)
 d - a +0 plate armour (worn)
 g - a scarf of harm
Jewellery
 l - a +4 ring of evasion (left hand)
 q - a ring of positive energy
 r - an amulet of guardian spirit (around neck)
 H - a +6 ring of strength (right hand)
Wands
 a - a wand of flame (14)
 c - a wand of iceblast (6)
 j - a wand of digging (6)
Scrolls
 f - a scroll of magic mapping
 k - 5 scrolls of amnesia
 m - 3 scrolls of immolation
 n - a scroll of fog {unknown}
 o - a scroll of summoning {unknown}
 p - 4 scrolls of identify
 s - 3 scrolls of enchant weapon
 u - 2 scrolls of holy word {unknown}
 x - a scroll of brand weapon {unknown}
 F - 2 scrolls of noise {unknown}
 G - a scroll of blinking {unknown}
Potions
 e - 2 potions of brilliance
 i - 2 potions of cancellation
 t - 2 potions of flight
 v - 2 potions of invisibility
 w - a potion of heal wounds
 z - 2 potions of curing
 C - a potion of might
 J - a potion of berserk rage {unknown}


   Skills:
 - Level 10.0 Fighting
 * Level 14.3 Axes
 - Level 10.0 Armour
 - Level 10.0 Shields


You had 11 spell levels left.
You didn't know any spells.
Your spell library contained the following spells:

 Spells                   Type           Power      Damage    Failure   Level
 Pain                     Necr           0%         1d4       99%         1
 Gell's Gravitas          Tloc           0%         N/A       100%        3
 Teleport Other           Tloc           0%         N/A       100%        3
 Airstrike                Air            0%         N/A       100%        4
 Animate Armour           Summ/Erth      0%         N/A       100%        4
 Summon Lightning Spire   Summ/Air       0%         N/A       100%        4
 Agony                    Necr           0%         N/A       100%        5
 Blade Hands              Tmut           0%         N/A       100%        5
 Excruciating Wounds      Necr           0%         N/A       100%        5
 Lightning Bolt           Conj/Air       0%         1d11      100%        5
 Dispersal                Tloc           0%         N/A       100%        6
 Iron Shot                Conj/Erth      0%         9d1       100%        6


Dungeon Overview and Level Annotations

Branches:
Dungeon (13/15)            Temple (1/1) D:4            Lair (0/6) D:9
    Orc (0/2) D:11
 Vaults: D:13-14

Altars:
Ashenzari
Cheibriados
Dithmenos
Elyvilon
Fedhas
Gozag
Hepliaklqana
Kikubaaqudgha
Makhleb
Nemelex Xobeh
Okawaru
Qazlal
Ru
Sif Muna
Trog
Uskayaw
Vehumet
Wu Jian
Xom
Yredelemnul
Zin
The Shining One

Shops:
D:5 *!

Annotations:
D:10 3 runed translucent doors, Arctirus's ghost, journeyman OpWz


Innate Abilities, Weirdness & Mutations

You cannot be hasted, slowed, berserked, paralysed or teleported.
You can dig through walls and to a lower floor.
You have a pair of large antennae on your head. (SInv)
Your four strong arms can wield two-handed weapons with a shield.


Message History

The nine-headed hydra barely misses you.
The nine-headed hydra bites you!
* * * LOW HITPOINT WARNING * * *
The nine-headed hydra bites you but does no damage.
The nine-headed hydra misses you.
The nine-headed hydra closely misses you.
You feel much better.
You block the nine-headed hydra's attack.
The nine-headed hydra bites you.
The nine-headed hydra barely misses you.
The nine-headed hydra bites you but does no damage.
The nine-headed hydra barely misses you.
The nine-headed hydra bites you.
The nine-headed hydra closely misses you.
The nine-headed hydra bites you. x2
Unknown command.
You lop one of the nine-headed hydra's heads off!
The eight-headed hydra grows two more!
You slash the ten-headed hydra!
The ten-headed hydra is almost dead.
You block the ten-headed hydra's attack. x2
The ten-headed hydra bites you!
* * * LOW HITPOINT WARNING * * *
The ten-headed hydra bites you but does no damage. x2
You block the ten-headed hydra's attack.
The ten-headed hydra bites you but does no damage.
The ten-headed hydra barely misses you. The ten-headed hydra bites you.
* * * LOW HITPOINT WARNING * * *
The ten-headed hydra bites you but does no damage.
You hack one of the ten-headed hydra's heads off!
The nine-headed hydra grows two more!
You slash the 11-headed hydra!
The 11-headed hydra is almost dead.
You block the 11-headed hydra's attack. x3
The 11-headed hydra bites you but does no damage. x2
The 11-headed hydra barely misses you. The 11-headed hydra bites you!
* * * LOW HITPOINT WARNING * * *
The 11-headed hydra bites you but does no damage.
The 11-headed hydra bites you!
* * * LOW HITPOINT WARNING * * *
The 11-headed hydra bites you.
You die...

## #. { #. {
#. { #. { #.
#D##########
#.@........#
##.#######.#
#.# #.# #.#
#.# #.# #.#
####.# #.#
.....### #.#
.<
#########.#
#.#
##.......#


You could see a 11-headed hydra (corroded).

Vanquished Creatures
  3 two-headed ogres
  An orc knight (D:11)
  A deep elf pyromancer (D:11)
  3 cyclopes
  An ugly thing (D:11)
  A manticore (D:12)
  Psyche (D:9)
  Grinder (D:3)
  A troll (D:9)
  A hornet (D:10)
  12 slime creatures
  Prince Ribbit (D:8)
  A shadow (D:11)
  2 wraiths
  Sigmund (D:3)
  2 wyverns
  13 yaks
  A steam dragon (D:7)
  An acid dragon (D:11)
  2 water moccasins
  3 black bears
  2 sky beasts
  An ice beast (D:6)
  7 orc warriors
  5 necrophages
  7 centaurs
  3 ogres
  3 phantoms
  Blork the orc (D:4)
  2 gnoll sergeants
  3 scorpions
  9 killer bees
  16 wights
  4 howler monkeys
  2 hounds
  2 bullfrog zombies (D:7)
  6 centaur zombies
  A bullfrog skeleton (D:6)
  5 orc priests
  A human zombie (D:7)
  A jelly (D:4)
  An iguana (D:4)
  12 orc wizards
  2 killer bee zombies (D:7)
  A mummy (D:7)
  13 gnolls
  2 howler monkey skeletons (D:4)
  4 adders
  A white imp (D:5)
  A worm (D:3)
  2 dart slugs (D:1)
  39 orcs
  8 ball pythons
  2 bats
  7 endoplasms
  3 giant cockroaches
  6 goblins
  10 hobgoblins
  8 jackals
  6 kobolds
  A quokka (D:1)
  3 frilled lizards
  3 rats (D:1)
269 creatures vanquished.

Vanquished Creatures (others)
  A human (D:13)
  An orc (D:7)
2 creatures vanquished.

Grand Total: 271 creatures vanquished

Notes
Turn   | Place    | Note
-------+----------+-------------------------------------------
     0 | D:1      | sasquatch the Formicid Fighter began the quest for the Orb.
     0 | D:1      | Reached XP level 1. HP: 18/18 MP: 1/1
    43 | D:1      | Reached XP level 2. HP: 24/24 MP: 2/2
   293 | D:1      | Reached XP level 3. HP: 27/29 MP: 3/3
  1092 | D:2      | Reached XP level 4. HP: 34/37 MP: 4/4
  1173 | D:2      | Reached skill level 3 in Axes
  1279 | D:2      | Found an opulent altar of Gozag.
  1384 | D:2      | Identified the +4 long sword of Valiance {vorpal, rN+ Str-5
                  | Int+3 Stlth+}
  1679 | D:2      | Found a faded altar of an unknown god.
  1679 | D:2      | Noticed a red devil
  2029 | D:3      | Reached XP level 5. HP: 32/42 MP: 5/5
  2278 | D:3      | Noticed Grinder
  2280 | D:3      | Noticed Sigmund
  2286 | D:3      | You fall into a shaft and drop 1 floor!
  2467 | D:4      | Noticed a phantom
  2479 | D:4      | Killed a phantom
  2480 | D:4      | Reached skill level 4 in Axes
  2480 | D:4      | Reached XP level 6. HP: 27/48 MP: 6/6
  3016 | D:4      | Noticed Blork the orc
  3041 | D:4      | Killed Blork the orc
  3042 | D:4      | Reached skill level 5 in Shields
  3435 | D:4      | Reached XP level 7. HP: 43/55 MP: 7/7
  3883 | D:4      | Found a staircase to the Ecumenical Temple.
  3889 | Temple   | Entered the Ecumenical Temple
  3978 | Temple   | Became a worshipper of Zin the Law-Giver
  3978 | Temple   | Reached * piety under Zin
  4011 | D:4      | Zin protects you from harm!
  4013 | D:4      | Reached skill level 5 in Axes
  4367 | D:5      | Entered Level 5 of the Dungeon
  4458 | D:5      | Reached skill level 5 in Fighting
  4458 | D:5      | Reached skill level 5 in Armour
  4464 | D:5      | Found Buketiph's Gadget Gallery.
  4613 | D:5      | Found Ocosel's Distillery.
  4622 | D:5      | Bought a potion of invisibility for 96 gold pieces
  4622 | D:5      | Bought a potion of heal wounds for 60 gold pieces
  4868 | D:5      | Reached XP level 8. HP: 41/62 MP: 8/8
  5471 | D:5      | Found a white marble altar of Elyvilon.
  5963 | D:6      | Reached skill level 6 in Axes
  6235 | D:6      | Found a snail-covered altar of Cheibriados.
  6558 | D:6      | Reached XP level 9. HP: 49/69 MP: 6/9
  6663 | D:6      | Found an iron altar of Okawaru.
  6676 | D:6      | Reached skill level 7 in Axes
  7584 | D:7      | Reached skill level 8 in Axes
  7842 | D:6      | Zin protects you from harm!
  8147 | D:6      | Reached ** piety under Zin
  8354 | D:7      | Reached XP level 10. HP: 56/78 MP: 5/10
  8811 | D:7      | Reached skill level 9 in Axes
  8944 | D:7      | Found an ancient bone altar of Kikubaaqudgha.
  9139 | D:8      | Found an opulent altar of Gozag.
  9471 | D:8      | Reached *** piety under Zin
  9731 | D:8      | Noticed Prince Ribbit
  9741 | D:8      | Killed Prince Ribbit
  9762 | D:8      | Found a radiant altar of Vehumet.
  9769 | D:8      | Found a sparkling altar of Nemelex Xobeh.
 10084 | D:3      | Found a hazy altar of Hepliaklqana.
 10334 | D:3      | Killed Grinder
 10453 | D:3      | Killed Sigmund
 11012 | D:9      | Reached skill level 10 in Axes
 11360 | D:9      | Reached **** piety under Zin
 11394 | D:9      | Reached XP level 11. HP: 76/87 MP: 11/11
 11685 | D:9      | Noticed Psyche
 11710 | D:9      | Killed Psyche
 11851 | D:9      | Found a staircase to the Lair.
 12223 | D:10     | Entered Level 10 of the Dungeon
 12343 | D:10     | Noticed a two-headed ogre
 12352 | D:10     | Killed a two-headed ogre
 12353 | D:10     | Reached skill level 11 in Axes
 12791 | D:10     | Found a runed translucent gate.
 12792 | D:10     | Found a runed translucent gate.
 12793 | D:10     | Found a runed translucent gate.
 12795 | D:10     | Noticed Arctirus's ghost (journeyman OpWz)
 13443 | D:8      | Reached skill level 10 in Shields
 14664 | D:11     | Found a staircase to the Orcish Mines.
 14749 | D:11     | Reached ***** piety under Zin
 15173 | D:11     | Noticed a cyclops
 15184 | D:11     | Killed a cyclops
 15185 | D:11     | Reached XP level 12. HP: 53/97 MP: 7/12
 15430 | D:11     | Reached skill level 12 in Axes
 15734 | D:11     | Reached skill level 10 in Fighting
 15734 | D:11     | Reached skill level 10 in Armour
 15746 | D:11     | You fall into a shaft and drop 2 floors!
 16260 | D:13     | Noticed a six-headed hydra
 16682 | D:12     | Reached skill level 13 in Axes
 17103 | D:12     | Noticed a two-headed ogre
 17552 | D:12     | Killed a two-headed ogre
 17794 | D:11     | Noticed a two-headed ogre
 17800 | D:11     | Killed a two-headed ogre
 17801 | D:11     | Reached skill level 14 in Axes
 18214 | D:11     | Noticed an eight-headed hydra
 18226 | D:11     | HP: 4/97 [11-headed hydra (8)]
 18226 | D:11     | Slain by an 11-headed hydra

Illustrated notes

Levels and vault maps discovered:
D:1:      dpeg_arrival_pond, layout_basic, wander_ebering_terrifying_dragon_lair
D:2:      layout_rooms, dreamdust_ecumenical_altar_sealed_demon, basic_altar,
          columned_hall_lemuel, minmay_misc_feat_ornament
D:3:      layout_loops_ring, mainiacjoe_overflow_concentric_impassable,
          uniq_sigmund, uniq_grinder
D:4:      layout_loops_cross, minmay_temple_entry_enclosed_plants, st_stairs_4,
          minmay_circle_x, uniq_blork_the_orc
D:5:      layout_layer_cave, kennysheep_mini_moat, serial_shops, shop,
          nicolae_shop_gadgets
D:6:      layout_basic, nicolae_overflow_crystal_walls, cheibriados_altar_1
D:7:      layout_cave_pools, lemuel_mausoleum_altar_kikubaaqudgha
D:8:      layout_rooms, mainiacjoe_overflow_24_doors,
          mainiacjoe_overflow_big_doors, uniq_prince_ribbit1
D:9:      layout_basic, lair_entry_dummy, uniq_psyche
D:10:     layout_layer_cave, ebering_ghost_rock_garden
D:11:     minmay_curly_fans, layout_loops_ring, david_orc_2,
          serial_co_window_serial, co_window_of_opportunity_a,
          co_window_corner_a, co_window_of_opportunity_a, co_window_paths_a,
          co_window_corner_a, co_window_corner_a, co_window_paths_a,
          co_window_broadway_a, co_window_2corner, co_window_corner_b,
          co_window_unsneaky_path_e, co_window_broadway_b,
          minmay_misc_feat_alley
D:12:     layout_gridville
D:13:     layout_rooms, ximxim_vaults_locker_room
Temple:   zaba_magenta_temple

Skill      XL: |  1  2  3  4  5  6  7  8  9 10 11 12 |
---------------+-------------------------------------+-----
Shields        | 4 5 6 7 9 10 | 10.0
Axes           | 3 4 5 6 8 10 11 14 | 14.3
Fighting       | 4 5 6 7 8 9 10 | 10.0
Armour         | 4 5 6 7 8 9 10 | 10.0

Action                   |  1- 3 |  4- 6 |  7- 9 | 10-12 || total
-------------------------+-------+-------+-------+-------++-------
Melee: War axe           |    71 |   175 |   264 |   562 ||  1072
 Abil: Shaft Self        |       |     1 |       |     1 ||     2
       Dig               |       |     1 |     2 |     2 ||     5
Evoke: Wand              |       |       |       |     9 ||     9
  Use: Potion            |       |     1 |       |     3 ||     4
       Scroll            |       |       |       |    13 ||    13
Armor: Scale mail        |    31 |    58 |    98 |     5 ||   192
       Chain mail        |       |       |       |   173 ||   173
       Plate armour      |       |       |       |    43 ||    43
Dodge: Dodged            |    33 |    94 |   195 |   251 ||   573
Block: Buckler           |    17 |    36 |    83 |    39 ||   175
       Kite shield       |       |       |       |   240 ||   240
